 Dungeon Crawl Stone Soup version 0.30-a0-779-g7971cf19c3 (webtiles) character file.

Game seed: 7370935275059561904

547 Dittersdorf the Covered (level 7, -19/44 HPs)
             Began as a Gargoyle Fighter on Feb 17, 2023.
             Was a Follower of Okawaru.
             Demolished by an ogre
             ... wielding a +0 giant club
              (25 damage)
             ... on level 4 of the Dungeon.
             The game lasted 00:04:55 (3177 turns).

Dittersdorf the Covered (Gargoyle Fighter)          Turns: 3177, Time: 00:04:56

Health: -19/44     AC: 17    Str: 22    XL:     7   Next: 28%
Magic:  0/0        EV:  6    Int: 11    God:    Okawaru [*.....]
Gold:   250        SH: 11    Dex: 15    Spells: 6/6 levels left

rFire   . . .      SeeInvis .    u - +2 whip (elec)
rCold   . . .      Faith    .    q - +1 kite shield "Vefrum" {Regen+ MP-9 Int+3 Dex+6}
rNeg    + . .      Spirit   .    w - +0 chain mail
rPois   ∞          Reflect  .    v - +0 hat
rElec   +          Harm     .    e - +0 cloak
rCorr   .          Rampage  .    (no gloves)
Will    .....                    t - +0 pair of boots Stlth
                                 p - amulet of magic regeneration
HPRegen 1.07/turn                (no ring)
MPRegen 0.47/turn                (no ring)

@: no status effects
A: sickness immunity, AC +4, negative energy resistance 1, electricity
resistance, torment resistance 1, petrification resistance
a: Renounce Religion, Heroism


You were on level 4 of the Dungeon.
You worshipped Okawaru.
Okawaru was aware of your devotion.
You visited 2 branches of the dungeon, and saw 6 of its levels.

You collected 250 gold pieces.

Inventory:

Hand Weapons
 a - a +0 flail
 u - a +2 whip of electrocution (weapon)
Missiles
 k - a throwing net (quivered)
Armour
 e - a +0 cloak (worn)
 q - the +1 kite shield "Vefrum" (worn) {Regen+ MP-9 Int+3 Dex+6}
   (You acquired it on level 4 of the Dungeon)

   Int:       It affects your intelligence (+3).
   Dex:       It affects your dexterity (+6).
   MP:        It affects your magic capacity (-9).
   Regen:     It increases your rate of health regeneration.
 t - a +0 pair of boots (worn)
 v - a +0 hat (worn)
 w - a +0 chain mail (worn)
Jewellery
 p - an amulet of magic regeneration (around neck)
Scrolls
 c - a scroll of poison {unknown}
 f - 2 scrolls of immolation {unknown}
 g - 2 scrolls of enchant armour {unknown}
 i - 2 scrolls of magic mapping {unknown}
 j - 2 scrolls of butterflies {unknown}
 l - a scroll of amnesia {unknown}
 m - 2 scrolls of vulnerability {unknown}
 n - a scroll of teleportation {unknown}
 o - 2 scrolls of fear
 s - a scroll of enchant weapon
Potions
 b - a potion of brilliance
 d - 2 potions of might
 h - 4 potions of ambrosia
 r - 2 potions of curing


   Skills:
 + Level 5.2 Fighting
 + Level 4.2 Maces & Flails
 + Level 5.2 Armour
 + Level 5.2 Shields


You had 6 spell levels left.
You didn't know any spells.
Your spell library contained the following spells:

 Spells                   Type           Power      Damage    Failure   Level
 Petrify                  Tmut/Erth      0%         N/A       100%        4
 Metabolic Englaciation   Hex/Ice        0%         N/A       100%        5
 Statue Form              Tmut/Erth      Unusable   N/A       N/A         6

Dungeon Overview and Level Annotations

Branches:
Dungeon (5/15)             Temple (1/1) D:4

Altars:
Ashenzari
Cheibriados
Elyvilon
Gozag
Hepliaklqana
Okawaru
Qazlal
Ru
Sif Muna
Trog
Uskayaw
Vehumet
Wu Jian
Xom
Yredelemnul
Zin
The Shining One


Innate Abilities, Weirdness & Mutations

You are immune to sickness and miasma.
Your stone body is resilient. (AC +4)
You are immune to poison.
You resist negative energy. (rN+)
You are resistant to electric shocks. (rElec)
You are resistant to unholy torment.
You are immune to petrification.


Message History

No target in view!
No target in view!
No target in view!
No target in view!
No target in view!
You climb downwards.
The orc priest looks braver for a moment.
The ogre hits you with a +0 giant club! You block the orc's attack.
The orc wizard completely misses you. The orc hits you but does no damage.
The orc throws a boomerang.
You block the boomerang.
There is a stone staircase leading up here.
The ogre hits you with a +0 giant club!!
The orc throws a boomerang.
The boomerang barely misses you. You block the orc's attack.
You block the orc wizard's attack.
You climb upwards.
There is a stone staircase leading down here.
You are too injured to fight recklessly!
You are too injured to fight recklessly!
You are too injured to fight recklessly!
You are too injured to fight recklessly!
You are too injured to fight recklessly!
You are too injured to fight recklessly!
You are too injured to fight recklessly!
You are too injured to fight recklessly!
You are too injured to fight recklessly!
The ogre attacks as you move away! The ogre hits you with a +0 giant club.
The orc wizard attacks as you move away!
You block the orc wizard's attack.
Things that are here:
a +0 whip; an orc corpse You hit the orc but do no damage.
Lightning courses through the orc!!
You kill the orc!
Okawaru accepts your kill.
You barely miss the ogre. The ogre hits you with a +0 giant club!
* * * LOW HITPOINT WARNING * * *
You hit the ogre.
The ogre is lightly wounded.
The ogre hits you with a +0 giant club!!
Ouch! That really hurt!
You die...

###.......>....#
.........#.....#
....#....##..###
..#......#####
.##...#....#
.###.##....#
..##.......#####
#.....###..#)#[###
#.......##....oO@#
...............###
..............##.#
#.......)...###..##
##...........#....#
##................#
.........<##...#..#
#..............####
##...###......##


You could see an ogre and an orc wizard.

Vanquished Creatures
  Duvessa (D:4)
  2 necrophages (D:4)
  A scorpion (D:4)
  Dowan (D:4)
  A hound (D:4)
  An orc wizard (D:4)
  A gnoll (D:1)
  5 adders
  A worm (D:3)
  6 dart slugs
  8 orcs (D:4)
  5 bats
  9 endoplasms
  3 giant cockroaches
  7 goblins
  9 hobgoblins
  9 jackals (D:3)
  4 quokkas
  11 ball pythons
  2 frilled lizards
  12 kobolds
  8 rats
107 creatures vanquished.

Notes
Turn   | Place    | Note
-------+----------+-------------------------------------------
     0 | D:1      | Dittersdorf the Gargoyle Fighter began the quest for the
                  | Orb.
     0 | D:1      | Reached XP level 1. HP: 14/14 MP: 1/1
    34 | D:1      | Reached XP level 2. HP: 19/19 MP: 2/2
   160 | D:1      | Reached XP level 3. HP: 23/23 MP: 3/3
   800 | D:2      | Reached XP level 4. HP: 20/29 MP: 4/4
  1398 | D:2      | Found an ornate altar of the Wu Jian Council.
  1810 | D:3      | Reached XP level 5. HP: 30/33 MP: 5/5
  2177 | D:3      | Found a faded altar of an unknown god.
  2182 | D:3      | Found a radiant altar of Vehumet.
  2264 | D:3      | Found a snail-covered altar of Cheibriados.
  2432 | D:4      | Identified a scroll of acquirement
  2433 | D:4      | Acquired the +1 kite shield "Vefrum" {Regen+ MP-9 Int+3
                  | Dex+6}
  2493 | D:4      | Found a staircase to the Ecumenical Temple.
  2502 | Temple   | Entered the Ecumenical Temple
  2573 | Temple   | Became a worshipper of Warmaster Okawaru
  2707 | D:4      | Reached XP level 6. HP: 28/39 MP: 0/6
  2838 | D:4      | Reached * piety under Okawaru
  2909 | D:4      | Noticed Duvessa
  2910 | D:4      | Noticed Dowan
  2931 | D:4      | Killed Duvessa
  2932 | D:4      | Reached skill level 5 in Fighting
  2932 | D:4      | Reached skill level 5 in Armour
  2932 | D:4      | Reached skill level 5 in Shields
  2932 | D:4      | Reached XP level 7. HP: 22/44 MP: 0/7
  2960 | D:4      | Killed Dowan
  3159 | D:5      | Entered Level 5 of the Dungeon
  3177 | D:4      | Demolished by an ogre

Illustrated notes

Levels and vault maps discovered:
D:1:      shiori_arrival_maze, layout_basic, hex_medium,
          hangedman_decor_diamond_cutter, moated_statue
D:2:      minmay_razor_zed, layout_basic, basic_altar, hex_tiny,
          grunt_decor_clamped
D:3:      layout_loops_ring, nicolae_overflow_ecumenical_swirl,
          cheibrodos_worm_habitat
D:4:      layout_cave_pools, minmay_temple_entry_sparse_star,
          minmay_stone_trees_medium, uniq_duvessa
D:5:      layout_gridville, nicolae_wu_jian_immortal_techniques,
          lightli_temple_of_fire, lemuel_tele_altar, gammafunk_ghost_arena,
          minmay_door_square, minmay_misc_feat_more_columns,
          uniq_crazy_yiuf_cottage
Temple:   nicolae_temple_bog_church

Skill      XL: |  1  2  3  4  5  6 |
---------------+-------------------+-----
Fighting       | 4 5 |  5.2
Armour         | 4 5 |  5.2
Shields        | 4 5 |  5.2
Maces & Flails | 3 4 |  4.2

Action                     |  1- 3 |  4- 6 |  7- 9 || total
---------------------------+-------+-------+-------++-------
  Melee: Flail             |   110 |    52 |       ||   162
         Whip              |       |   204 |    31 ||   235
    Use: Scroll            |       |     8 |       ||     8
 Armour: Scale mail        |    62 |    56 |       ||   118
         Chain mail        |       |   135 |    17 ||   152
  Dodge: Dodged            |    48 |   111 |     9 ||   168
  Block: Buckler           |    30 |    43 |       ||    73
         Kite shield       |       |    95 |    33 ||   128

Table legend: (Time is in decaauts)
 A = Elapsed time spent in this place.
 B = Non-inter-level travel time spent in this place.
 C = Inter-level travel time spent in this place.
 D = Time resting spent in this place.
 E = Time spent auto-exploring this place.
 F = Levels seen in this place.
 G = Mean time per level.
                   A        B        C        D        E       F      G
               +--------+--------+--------+--------+--------+-----+--------+
         Total |   3255 |   3073 |    182 |     12 |   2174 |   6 |  542.5 |
       Dungeon |   3164 |   2997 |    167 |     12 |   2116 |   5 |  632.8 |
        Temple |     90 |     75 |     15 |      0 |     57 |   1 |   90.0 |
               +--------+--------+--------+--------+--------+-----+--------+

Top non-repeatable levels by time:
     D:2: 1063 daAuts
     D:3: 793 daAuts
     D:4: 677 daAuts
     D:1: 623 daAuts
  Temple: 90 daAuts
     D:5: 6 daAuts
